 Dungeon Crawl Stone Soup version 0.29-a0-330-g52719c12eb (webtiles) character file.

Game seed: 15263355817953378791

55 kae the Firebug (level 3, -3/19 HPs)
             Began as a Tengu Fire Elementalist on Apr 14, 2022.
             Slain by a gnoll
             ... wielding a +0 halberd
              (16 damage)
             ... on level 2 of the Dungeon.
             The game lasted 00:00:44 (1392 turns).

kae the Firebug (Tengu Fire Elementalist)           Turns: 1392, Time: 00:00:44

Health: -3/19      AC:  2    Str:  8    XL:     3   Next: 93%
Magic:  1/7        EV: 12    Int: 17    God:
Gold:   32         SH:  0    Dex: 14    Spells: 1/7 levels left

rFire   . . .      SeeInvis .   j - staff of poison
rCold   . . .      Faith    .   (no shield)
rNeg    . . .      Spirit   .   a - +0 robe
rPois   +          Reflect  .   (helmet restricted)
rElec   .          Harm     .   (no cloak)
rCorr   .          Rampage  .   (no gloves)
Will    .....                   (boots unavailable)
Stlth   ++........              (no amulet)
HPRegen 0.06/turn               (no ring)
MPRegen 0.10/turn               (no ring)

@: no status effects
A: beak, talons 3
a: no special abilities


You were on level 2 of the Dungeon.
You visited 1 branch of the dungeon, and saw 2 of its levels.

You collected 32 gold pieces.

Inventory:

Hand Weapons
 d - a +0 whip
Armour
 a - a +0 robe (worn)
Magical Staves
 j - a staff of poison (weapon)
Scrolls
 e - 2 scrolls of identify {unknown}
 f - a scroll of torment {unknown}
 g - a scroll of blinking {unknown}
 i - a scroll of teleportation {unknown}
Potions
 b - a potion of magic
 c - a potion of degeneration {unknown}
 h - a potion of curing {unknown}


   Skills:
 - Level 2.1 Dodging
 - Level 2.0 Stealth
 + Level 2.5 Spellcasting
 + Level 2.5 Conjurations
 * Level 4.3 Fire Magic


You had one spell level left.
You knew the following spells:

 Your Spells              Type           Power      Damage    Failure   Level
a - Foxfire               Conj/Fire      52%        2x1d6     4%          1
b - Scorch                Fire           34%        2d7       4%          2
c - Conjure Flame         Conj/Fire      13%        6-21      13%         3

Your spell library contained the following spells:

 Spells                   Type           Power      Damage    Failure   Level
 Inner Flame              Hex/Fire       9%         N/A       22%         3
 Flame Wave               Conj/Fire      13%        2d6       41%         4


Dungeon Overview and Level Annotations

Branches:
Dungeon (2/15)

Altars:
Kikubaaqudgha


Innate Abilities, Weirdness & Mutations

You have a beak for a mouth.
You have claws for feet.


Message History

The gnoll is lightly wounded.
The foxfire hits the gnoll but does no damage.
The gnoll is lightly wounded.
Casting: Foxfire (safe; 4% risk of failure)
Confirm with . or Enter, or press ? or * to list all spells.
You conjure some foxfire!
The foxfire hits the gnoll.
The gnoll is heavily wounded.
A gnoll comes into view. It is wielding a +0 halberd.
The foxfire hits the gnoll.
The gnoll is heavily wounded.
The foxfire hits the gnoll but does no damage.
The gnoll is heavily wounded.
A gnoll comes into view. It is wielding a +0 flail.
There is a stone staircase leading up here.
Casting: Foxfire (safe; 4% risk of failure)
Confirm with . or Enter, or press ? or * to list all spells.
You conjure some foxfire!
The foxfire hits the gnoll.
The gnoll is severely wounded.
The foxfire hits the gnoll.
The gnoll is severely wounded.
The gnoll hits you from afar with a +0 spear.
Casting: Foxfire (safe; 4% risk of failure)
Confirm with . or Enter, or press ? or * to list all spells.
You conjure some foxfire!
The gnoll hits you from afar with a +0 spear.
The foxfire hits the gnoll but does no damage.
The gnoll is severely wounded.
The foxfire hits the gnoll.
You kill the gnoll!
Casting: Foxfire (safe; 4% risk of failure)
Confirm with . or Enter, or press ? or * to list all spells.
You conjure some foxfire!
The foxfire hits the gnoll.
The gnoll is moderately wounded.
The foxfire hits the gnoll.
The gnoll is moderately wounded.
The gnoll hits you from afar with a +0 halberd!
Ouch! That really hurt!
You die...

#.#.. #.#.# #.#.#
#.#####.#>########
#.......#........#
#######.......# #.#
#.....#.##..#.###.####
#....§#.##............
#....@.g.g............
#...§§#.##..#....$...)
#.....#.##........####
#######....)..#..##
####.......# #.##.#.##
#.##.#.# #......#
####.###


You could see 2 gnolls.

Vanquished Creatures
  A gnoll (D:2)
  2 dart slugs (D:1)
  5 ball pythons (D:1)
  7 endoplasms
  6 goblins
  A hobgoblin (D:1)
  7 kobolds
  A quokka (D:1)
  3 bats (D:1)
  2 frilled lizards (D:1)
  3 rats
38 creatures vanquished.

Vanquished Creatures (others)
  87 foxfires
87 creatures vanquished.

Grand Total: 125 creatures vanquished

Notes
Turn   | Place    | Note
-------+----------+-------------------------------------------
     0 | D:1      | kae the Tengu Fire Elementalist began the quest for the
                  | Orb.
     0 | D:1      | Reached XP level 1. HP: 10/10 MP: 4/4
   187 | D:1      | Found a faded altar of an unknown god.
   194 | D:1      | Reached XP level 2. HP: 15/15 MP: 1/6
   379 | D:1      | Found an ancient bone altar of Kikubaaqudgha.
   527 | D:1      | Reached skill level 4 in Fire Magic
   527 | D:1      | Reached XP level 3. HP: 19/19 MP: 3/7
   530 | D:1      | Learned a level 2 spell: Scorch
   534 | D:1      | Learned a level 3 spell: Conjure Flame
  1392 | D:2      | Slain by a gnoll

Illustrated notes

Levels and vault maps discovered:
D:1:      psy_arrival_basics, layout_loops_ring, serial_glass, glass_columns_b,
          glass_columns_b, glass_columns_b, glass_columns_a,
          basic_ecumenical_altar, minmay_hexomino_r4
D:2:      layout_loops_cross, serial_shops, nicolae_diamond_shop, serial_rivers,
          chequers_serial_rivers_micro_b, chequers_serial_rivers_large_b,
          chequers_serial_rivers_large_a, chequers_serial_rivers_micro_a,
          chequers_serial_rivers_room_b, chequers_serial_rivers_room_a,
          minmay_box_of_dots, uniq_jessica

Skill      XL: |  1  2 |
---------------+-------+-----
Conjurations   | 2 |  2.5
Fire Magic     | 4 |  4.3
Dodging        | |  2.1
Stealth        | |  2.0
Spellcasting   | |  2.5

Action                   || total
-------------------------++-------
Melee: Whip              ||     3
       Kick              ||     1
 Cast: Foxfire           ||    51
       Scorch            ||     7
Armor: Robe              ||     5
Dodge: Dodged            ||     6

Table legend: (Time is in decaauts)
 A = Elapsed time spent in this place.
 B = Non-inter-level travel time spent in this place.
 C = Inter-level travel time spent in this place.
 D = Time resting spent in this place.
 E = Time spent auto-exploring this place.
 F = Levels seen in this place.
 G = Mean time per level.
                   A        B        C        D        E       F      G
               +--------+--------+--------+--------+--------+-----+--------+
         Total |   1391 |   1372 |     19 |    153 |   1005 |   2 |  695.5 |
       Dungeon |   1391 |   1372 |     19 |    153 |   1005 |   2 |  695.5 |
               +--------+--------+--------+--------+--------+-----+--------+

Top non-repeatable levels by time:
     D:1: 1319 daAuts
     D:2: 71 daAuts
